 Seeded DCSS version 0.30-a0-219-gf2db51d15e (webtiles) character file.

Game seed: 17459760139159223558 (custom seed)

253 Nerdsrcool the Trooper (level 6, -1/66 HPs)
             Began as an Ogre Cinder Acolyte on Oct 7, 2022.
             Was an Elder of Ignis.
             Slain by an orc wizard
             ... wielding a +0 dagger
              (3 damage)
             ... on level 4 of the Dungeon.
             The game lasted 00:16:10 (3485 turns).

Nerdsrcool the Trooper (Ogre Cinder Acolyte)        Turns: 3485, Time: 00:16:11

Health: -1/66      AC:  5    Str: 19    XL:     6   Next: 14%
Magic:  16/16      EV:  8    Int: 19    God:    Ignis [****..]
Gold:   118        SH:  6    Dex: 11    Spells: 5/7 levels left

rFire   + + .      SeeInvis .    k - +0 mace of Utoev {protect, rPois Str-2 Int+4 Dex+7}
rCold   + . .      Faith    .    d - +0 kite shield
rNeg    . . .      Spirit   .    b - +2 robe
rPois   +          Reflect  .    (helmet restricted)
rElec   .          Harm     .    (no cloak)
rCorr   .          Rampage  .    (gloves unavailable)
Will    .....                    (boots unavailable)
Stlth   ++........               (no amulet)
HPRegen 0.31/turn                q - ring of protection from cold
MPRegen 0.15/turn                f - ring of Deomuegh {rF+ MP+9 Stlth+}

@: no status effects
A: large, unfitting armour, tough skin 1
a: Renounce Religion, Fiery Armour, Foxfire Swarm, Rising Flame


You were on level 4 of the Dungeon.
You worshipped Ignis.
Ignis was greatly pleased with you.
You visited 1 branch of the dungeon, and saw 4 of its levels.

You collected 118 gold pieces.

Inventory:

Hand Weapons
 a - a -1 spear of flaming
 k - the +0 mace of Utoev (weapon) {protect, rPois Str-2 Int+4 Dex+7}
   (You found it on level 2 of the Dungeon)

   It grants its wielder temporary protection when it strikes (+7 to AC).
   Str:       It affects your strength (-2).
   Int:       It affects your intelligence (+4).
   Dex:       It affects your dexterity (+7).
   rPois:     It protects you from poison.
 l - a +4 dagger
 r - a +0 dagger of holy wrath
Missiles
 c - 52 stones
 o - 5 poisoned darts
Armour
 b - a +2 robe (worn)
 d - a +0 kite shield (worn)
Jewellery
 f - the ring of Deomuegh (right hand) {rF+ MP+9 Stlth+}
   (You found it on level 3 of the Dungeon)

   [ring of magical power]

   rF:        It protects you from fire.
   MP:        It affects your magic capacity (+9).
   Stlth:     It makes you more stealthy.
 q - a ring of protection from cold (left hand)
Scrolls
 e - a scroll of enchant weapon {unknown}
 i - a scroll of summoning {unknown}
 n - 4 scrolls of noise {unknown}
Potions
 g - 4 potions of attraction
 h - 2 potions of haste {unknown}
 j - 2 potions of curing {unknown}
 m - 2 potions of degeneration {unknown}
 p - a potion of cancellation {unknown}


   Skills:
 + Level 5.3 Fighting
 + Level 2.0 Maces & Flails
 + Level 4.1 Polearms
 + Level 2.0 Dodging
 + Level 0.9 Stealth
 + Level 0.1 Shields
 + Level 1.2 Spellcasting
 + Level 3.1 Fire Magic


You had 5 spell levels left.
You knew the following spells:

 Your Spells              Type           Power      Damage    Failure   Level
a - Scorch                Fire           26%        2d6       21%         2

Your spell library contained the following spells:

 Spells                   Type           Power      Damage    Failure   Level


Dungeon Overview and Level Annotations

Branches:
Dungeon (4/15)
 Temple: D:4-7

Altars:
Dithmenos
Uskayaw


Innate Abilities, Weirdness & Mutations

You are too large for most types of armour.
You have tough skin. (AC +1)


Message History

You hit the orc wizard.
Your weapon exudes an aura of protection.
The orc wizard is moderately wounded.
The orc wizard closely misses you.
The orc hits you with a +0 dagger of venom.
You are poisoned.
You hit the orc.
The orc is heavily wounded.
You feel sick.
The orc wizard points at you and mumbles some strange words.
You are more confused.
The orc barely misses you. The orc closely misses you.
The orc wizard hits you but does no damage.
You hit the orc.
You kill the orc!
You feel sick.
The orc wizard hits you but does no damage.
You hit the orc but do no damage.
You feel sick. The orc hits you but does no damage.
The orc wizard hits you but does no damage.
The orc wizard barely misses you. The orc barely misses you.
You feel sick.
You are no longer poisoned.
The orc wizard hits you but does no damage.
You bump into the rock wall.
The orc hits you but does no damage.
The orc wizard mumbles some strange words.
The orc wizard flickers and vanishes!
Deactivating autopickup; reactivate with Ctrl-A.
You miss something. The orc hits you with a +0 flail!
* * * LOW HITPOINT WARNING * * *
Something hits you.
* * * LOW HITPOINT WARNING * * *
You're too confused to move!
The orc hits you with a +0 flail!
* * * LOW HITPOINT WARNING * * *
Something hits you.
* * * LOW HITPOINT WARNING * * *
You're too confused to move!
You feel less confused. The orc closely misses you. Something hits you.
You die...

#.....>##....
##.#..#.##.###
##.###...##.###
#.## ##........
#####.###...##.##.
#......#....##.#
#.#####.######..
#.# ### ####
#@#######
#o{......
#)#####..
#))......
.....##.. .#.##.#
#.#.. .# # #.. .
... #


You could see an orc.

Vanquished Creatures
  An orc priest (D:3)
  A jelly (D:4)
  An iguana (D:4)
  An orc wizard (D:3)
  5 adders
  4 dart slugs
  6 orcs
  4 ball pythons
  7 endoplasms
  3 giant cockroaches
  6 goblins
  8 hobgoblins
  6 jackals
  5 quokkas
  15 bats
  4 frilled lizards (D:2)
  6 kobolds
  5 rats
  2 bushes (D:1)
90 creatures vanquished.

Vanquished Creatures (others)
  9 foxfires (D:3)
9 creatures vanquished.

Grand Total: 99 creatures vanquished

Notes
Turn   | Place    | Note
-------+----------+-------------------------------------------
     0 | D:1      | Nerdsrcool the Ogre Cinder Acolyte began the quest for the
                  | Orb.
     0 | D:1      | Reached XP level 1. HP: 24/24 MP: 2/2
    99 | D:1      | Reached XP level 2. HP: 32/32 MP: 3/3
   265 | D:1      | Learned a level 2 spell: Scorch
   335 | D:1      | Reached XP level 3. HP: 39/39 MP: 4/4
  1297 | D:2      | Found a faded altar of an unknown god.
  1306 | D:2      | Identified the +0 mace of Utoev {protect, rPois Str-2 Int+4
                  | Dex+7}
  1612 | D:2      | Reached XP level 4. HP: 49/49 MP: 5/5
  2275 | D:3      | Reached skill level 1 in Maces & Flails
  2275 | D:3      | Reached skill level 1 in Dodging
  2279 | D:3      | Reached XP level 5. HP: 29/55 MP: 6/6
  2584 | D:3      | Found a hide-covered altar of Uskayaw.
  2778 | D:3      | Identified the ring of Deomuegh {rF+ MP+9 Stlth+}
  3022 | D:4      | Reached skill level 5 in Fighting
  3165 | D:4      | Found a shadowy altar of Dithmenos.
  3200 | D:4      | Reached XP level 6. HP: 39/66 MP: 7/7
  3484 | D:4      | HP: 2/66 [something (2)]
  3485 | D:4      | Slain by an orc wizard

Illustrated notes

Levels and vault maps discovered:
D:1:      shiori_arrival_oz, layout_loops_ring, serial_forest,
          infiniplex_forest_lined_3, infiniplex_forest_lined_3,
          infiniplex_forest_clump_medium, infiniplex_forest_straight_1,
          infiniplex_forest_corner_2, infiniplex_forest_pool,
          infiniplex_forest_straight_3, infiniplex_forest_corner_2
D:2:      layout_basic, hellmonk_ecumenical_altar_lost_god
D:3:      layout_loops_ring, mainiacjoe_overflow_alcove_1
D:4:      layout_loops_cross, grunt_dithmenos_smoke_and_mirrors,
          trog_antimagical, gammafunk_ghost_cemetery

Skill      XL: |  1  2  3  4  5 |
---------------+----------------+-----
Fire Magic     | 3 |  3.1
Polearms       | 4 |  4.1
Maces & Flails | 1 2 |  2.0
Dodging        | 1 2 |  2.0
Fighting       | 5 |  5.3
Stealth        | |  0.9
Shields        | |  0.1
Spellcasting   | |  1.2

Action                   |  1- 3 |  4- 6 || total
-------------------------+-------+-------++-------
Melee: Spear             |   441 |       ||   441
       Mace              |    31 |   155 ||   186
       Punch             |     8 |     1 ||     9
Invok: Fiery Armour      |       |     2 ||     2
       Foxfire Swarm     |       |     1 ||     1
  Use: Scroll            |     2 |     3 ||     5
 Stab: Sleeping          |       |     1 ||     1
Armor: Robe              |    59 |   111 ||   170
Dodge: Dodged            |    54 |    96 ||   150
Block: Kite shield       |       |    21 ||    21

Table legend: (Time is in decaauts)
 A = Elapsed time spent in this place.
 B = Non-inter-level travel time spent in this place.
 C = Inter-level travel time spent in this place.
 D = Time resting spent in this place.
 E = Time spent auto-exploring this place.
 F = Levels seen in this place.
 G = Mean time per level.
                   A        B        C        D        E       F      G
               +--------+--------+--------+--------+--------+-----+--------+
         Total |   3538 |   3406 |    132 |     82 |   2094 |   4 |  884.5 |
       Dungeon |   3538 |   3406 |    132 |     82 |   2094 |   4 |  884.5 |
               +--------+--------+--------+--------+--------+-----+--------+

Top non-repeatable levels by time:
     D:1: 1207 daAuts
     D:2: 968 daAuts
     D:3: 842 daAuts
     D:4: 519 daAuts
